Little Stars vs Atomiques
Created - 20 janvier 2015 at 19:14
Goals
|
| Little Stars |
1 |
0 |
0 |
1 |
| Atomiques |
1 |
1 |
2 |
4 |
|
Shots
|
| Little Stars |
12 |
8 |
16 |
36 |
| Atomiques |
11 |
9 |
4 |
24 |
|
1st period
1. Little Stars , Marcus Kruger 23 (Kyle Okposo, Chris Dingman) at 8:32
2. Atomiques , Brad Winchester 28 (Tyler Brenner) at 12:23
Penalties :
Casey Borer (STB) for Hooking (Minor) at 13:35
2nd period
3. Atomiques , Andrew Kozek 10 (Davis Drewiske) at 7:06
Penalties :
Davis Drewiske (STB) for Goalie Interference (Minor) at 2:20, Alexandre Daigle (STB) for Holding (Minor) at 9:15, Tyler Myers (Tex) for Roughing (Minor) at 15:25
3rd period
4. Atomiques , Alexandre Daigle 31 (Logan Couture, Linus Omark) at 3:10
5. Atomiques , Ryan Shannon 23 (Brad Winchester, Davis Drewiske) at 8:58
Penalties :
Linus Omark (STB) for Hooking (Minor) at 4:45, Chris Dingman (Tex) for Tripping (Minor) at 9:01, Logan Couture (STB) for Roughing (Minor) at 12:52
Goalie Stats
Ben Scrivens (Tex), 20 saves from 24 shots - (0,833), L, 1-4-1, 60:00 minutes
Sergei Bobrovsky (STB), 35 saves from 36 shots - (0,972), W, 6-10-3, 60:00 minutes
Players Stats for Little Stars
Player Name G A P +/- PIM S H SB GA TA FO MP PP MP PK MP
------------------------------------------------------------------------------------
Alexander Vasyunov 0 0 0 0 0 2 0 0 0 0 0/0 11:47 0:18 1:38
Cameron Schilling 0 0 0 -1 0 0 0 0 0 0 0/0 11:23 0:00 0:00
Carl Hagelin 0 0 0 -1 0 1 0 0 0 0 1/1 10:44 0:26 0:00
Chris Dingman 0 1 1 -1 2 6 4 0 0 0 3/4 20:57 4:47 1:06
Clay Wilson 0 0 0 -2 0 2 3 2 1 0 0/0 20:05 4:39 1:50
Cody Bass 0 0 0 -1 0 1 3 0 1 0 1/2 13:28 4:47 0:00
Corey Trivino 0 0 0 -1 0 1 1 1 0 0 3/3 9:50 0:00 0:00
Cory Murphy 0 0 0 -2 0 1 2 1 1 2 0/0 24:33 5:16 2:33
Danny DeKeiser 0 0 0 0 0 0 0 0 0 0 0/0 5:20 0:00 0:00
Hugh Jessiman 0 0 0 -1 0 3 1 1 1 1 1/1 14:14 0:18 0:23
Jared Spurgeon 0 0 0 -1 0 1 1 2 0 1 0/0 12:10 0:00 0:47
Jesse Joensuu 0 0 0 0 0 1 0 0 0 0 0/0 10:43 0:00 1:03
Kyle Okposo 0 1 1 -1 0 1 3 0 0 0 0/1 21:01 4:48 2:04
Landon Ferraro 0 0 0 0 0 0 0 1 0 0 1/2 9:43 0:00 0:47
Marcus Kruger 1 0 1 -1 0 4 0 0 0 0 14/29 19:32 4:47 0:32
Mathieu Roy 0 0 0 0 0 3 2 2 0 3 0/0 23:42 5:16 2:08
Matt Halischuk 0 0 0 -1 0 3 3 1 0 0 2/5 17:11 4:47 0:00
Robert Czarnik 0 0 0 0 0 0 0 0 0 0 0/0 0:00 0:00 0:00
Ryan Vesce 0 0 0 -1 0 3 0 0 0 2 0/0 16:51 4:47 0:23
Tyler Myers 0 0 0 0 2 3 1 1 0 0 0/0 22:46 4:39 0:38
Players Stats for Atomiques
Player Name G A P +/- PIM S H SB GA TA FO MP PP MP PK MP
------------------------------------------------------------------------------------
Alexander Sulzer 0 0 0 2 0 0 0 0 0 0 0/0 25:58 2:07 5:23
Alexandre Daigle 1 0 1 0 2 2 1 0 2 0 0/1 21:02 2:02 4:24
Andrew Kozek 1 0 1 1 0 2 1 0 0 0 0/0 12:28 0:03 1:56
Brad Winchester 1 1 2 2 0 1 0 0 2 0 0/0 14:05 1:53 0:19
Brett Sutter 0 0 0 1 0 1 2 0 1 0 0/0 11:18 0:00 1:13
Casey Borer 0 0 0 1 2 1 1 0 0 1 0/0 13:27 0:00 0:53
Clayton Stoner 0 0 0 0 0 3 1 0 0 1 0/0 20:59 1:51 4:32
Davis Drewiske 0 2 2 2 2 0 2 2 0 1 0/0 25:18 2:07 4:12
Drew Larman 0 0 0 0 0 3 1 0 0 0 0/3 8:47 0:00 0:00
Kenndal McArdle 0 0 0 0 0 1 1 1 0 0 0/0 11:42 0:00 2:32
Kyle Wharton 0 0 0 0 0 2 0 0 0 0 0/0 20:50 1:51 3:51
Linus Omark 0 1 1 0 2 2 2 0 2 0 0/0 18:18 2:02 2:02
Logan Couture 0 1 1 0 2 0 2 0 0 1 14/29 19:28 2:02 2:04
Mitch Callahan 0 0 0 0 0 0 1 0 1 0 0/0 9:07 0:03 0:00
Nick Johnson 0 0 0 1 0 1 0 0 0 0 0/0 10:36 0:03 0:00
Ryan Shannon 1 0 1 2 0 5 1 0 1 0 0/0 13:46 1:53 0:00
Scott Jackson 0 0 0 1 0 0 0 1 0 0 0/0 13:36 0:00 0:59
Tyler Brenner 0 1 1 2 0 0 2 0 0 0 8/15 19:14 1:53 5:20
3 Stars
1 - Sergei Bobrovsky (STB)
2 - Brad Winchester (STB)
3 - Ryan Shannon (STB)
Power Play
Little Stars - 0 on 6 Attempt(s) - 0,00%
Atomiques - 0 on 2 Attempt(s) - 0,00%
Penalty Kill
Little Stars - 2 on 2 Attempt(s) - 100,00%
- Score 0 goal in Penalty Kill
Atomiques - 6 on 6 Attempt(s) - 100,00%
- Score 0 goal in Penalty Kill
Team Stat
Little Stars - Hits : 24 - Faceoff Wins : 26 - Blocked Shots : 12 - Penalty Minutes : 4
Atomiques - Hits : 18 - Faceoff Wins : 22 - Blocked Shots : 4 - Penalty Minutes : 10
Official
Referees : VanMassenhoven Don and Meier Brad
Linesman : Vaughan Rody and Andy McElman
Game Notes
0:38 of 3rd period - Penalty Shot by Kyle Wharton for Atomiques - Shot Misses the Net
Finance
Level 1 -- Attendance: 1526 (76,30%) -- Ticket Income 53 410 $
Level 2 -- Attendance: 775 (77,50%) -- Ticket Income 11 625 $
Total Attendance: 2301 (76,70%)
Total Ticket Income: 65 035 $
Other Income: 3 252 $
Total Income: 68 287 $
Little Stars
5 vs 5 Forward
Center Left Wing Right Wing Time % Phy DF OF
1 Marcus Kruger Chris Dingman Kyle Okposo 40 1 2 2
2 Matt Halischuk Hugh Jessiman Ryan Vesce 30 1 2 2
3 Corey Trivino Carl Hagelin Cody Bass 20 1 2 2
4 Landon Ferraro Alexander Vasyunov Jesse Joensuu 10 1 2 2
5 vs 5 Defense
Defense Defense Time % Phy DF OF
1 Tyler Myers Mathieu Roy 40 1 2 2
2 Clay Wilson Cory Murphy 30 1 2 2
3 Cameron Schilling Jared Spurgeon 20 1 2 2
4 Danny DeKeiser Cory Murphy 10 1 2 2
PowerPlay Forward
Center Left Wing Right Wing Time % Phy DF OF
1 Marcus Kruger Chris Dingman Kyle Okposo 60 1 2 2
2 Cody Bass Matt Halischuk Ryan Vesce 40 1 2 2
PowerPlay Defense
Defense Defense Time % Phy DF OF
1 Cory Murphy Mathieu Roy 60 1 2 2
2 Clay Wilson Tyler Myers 40 1 2 2
Penalty Kill 4 Players Forward
Center Wing Time % Phy DF OF
1 Chris Dingman Kyle Okposo 60 1 2 2
2 Ryan Vesce Hugh Jessiman 40 1 2 2
Penalty Kill 4 Players Defense
Defense Defense Time % Phy DF OF
1 Cory Murphy Mathieu Roy 60 1 2 2
2 Clay Wilson Tyler Myers 40 1 2 2
Penalty Kill - 3 Players Forward
Forward Time % Phy DF OF
1 Chris Dingman 60 1 2 2
2 Kyle Okposo 40 1 2 2
Penalty Kill - 3 Players Defense
Defense Defense Time % Phy DF OF
1 Cory Murphy Mathieu Roy 60 1 2 2
2 Clay Wilson Tyler Myers 40 1 2 2
4 vs 4 Forward
Center Wing Time % Phy DF OF
1 Chris Dingman Kyle Okposo 60 1 2 2
2 Ryan Vesce Hugh Jessiman 40 1 2 2
4 vs 4 Defense
Defense Defense Time % Phy DF OF
1 Cory Murphy Mathieu Roy 60 1 2 2
2 Clay Wilson Tyler Myers 40 1 2 2
Last Minutes Offensive
Center Left Wing Right Wing Defense Defense
Marcus Kruger Chris Dingman Kyle Okposo Cory Murphy Mathieu Roy
Last Minutes Defensive
Center Left Wing Right Wing Defense Defense
Marcus Kruger Chris Dingman Kyle Okposo Cory Murphy Mathieu Roy
Goaltenders
Starting : Ben Scrivens
Backup : Erik Ersberg
Extra Forwards
Normal : Matt Halischuk, Carl Hagelin, Alexander Vasyunov - PP : Matt Halischuk, Carl Hagelin - PK : Alexander Vasyunov
Extra Defensemen
Normal : Cameron Schilling, Jared Spurgeon, Tyler Myers - PP : Cameron Schilling - PK : Jared Spurgeon, Tyler Myers
Penalty Shots
Chris Dingman, Kyle Okposo, Ryan Vesce, Hugh Jessiman, Matt Halischuk
Atomiques
5 vs 5 Forward
Center Left Wing Right Wing Time % Phy DF OF
1 Logan Couture Linus Omark Alexandre Daigle 40 1 2 2
2 Tyler Brenner Brad Winchester Ryan Shannon 30 1 2 2
3 Brett Sutter Andrew Kozek Nick Johnson 20 1 2 2
4 Drew Larman Kenndal McArdle Mitch Callahan 10 1 2 2
5 vs 5 Defense
Defense Defense Time % Phy DF OF
1 Alexander Sulzer Davis Drewiske 40 1 2 2
2 Clayton Stoner Kyle Wharton 30 1 2 2
3 Casey Borer Scott Jackson 20 1 2 2
4 Alexander Sulzer Davis Drewiske 10 1 2 2
PowerPlay Forward
Center Left Wing Right Wing Time % Phy DF OF
1 Logan Couture Linus Omark Alexandre Daigle 60 1 2 2
2 Tyler Brenner Brad Winchester Ryan Shannon 40 1 2 2
PowerPlay Defense
Defense Defense Time % Phy DF OF
1 Alexander Sulzer Davis Drewiske 60 1 2 2
2 Clayton Stoner Kyle Wharton 40 1 2 2
Penalty Kill 4 Players Forward
Center Wing Time % Phy DF OF
1 Tyler Brenner Alexandre Daigle 60 1 2 2
2 Logan Couture Linus Omark 40 1 2 2
Penalty Kill 4 Players Defense
Defense Defense Time % Phy DF OF
1 Alexander Sulzer Davis Drewiske 60 1 2 2
2 Clayton Stoner Kyle Wharton 40 1 2 2
Penalty Kill - 3 Players Forward
Forward Time % Phy DF OF
1 Brad Winchester 60 1 2 2
2 Alexandre Daigle 40 1 2 2
Penalty Kill - 3 Players Defense
Defense Defense Time % Phy DF OF
1 Alexander Sulzer Davis Drewiske 60 1 2 2
2 Clayton Stoner Kyle Wharton 40 1 2 2
4 vs 4 Forward
Center Wing Time % Phy DF OF
1 Logan Couture Linus Omark 60 1 2 2
2 Tyler Brenner Alexandre Daigle 40 1 2 2
4 vs 4 Defense
Defense Defense Time % Phy DF OF
1 Alexander Sulzer Davis Drewiske 60 1 2 2
2 Clayton Stoner Kyle Wharton 40 1 2 2
Last Minutes Offensive
Center Left Wing Right Wing Defense Defense
Logan Couture Brad Winchester Alexandre Daigle Alexander Sulzer Davis Drewiske
Last Minutes Defensive
Center Left Wing Right Wing Defense Defense
Logan Couture Brad Winchester Alexandre Daigle Alexander Sulzer Davis Drewiske
Goaltenders
Starting : Sergei Bobrovsky
Backup : Alex Auld
Extra Forwards
Normal : Nick Johnson, Andrew Kozek, Kenndal McArdle - PP : Nick Johnson, Andrew Kozek - PK : Kenndal McArdle
Extra Defensemen
Normal : Davis Drewiske, Scott Jackson, Kyle Wharton - PP : Kyle Wharton - PK : Scott Jackson, Casey Borer
Penalty Shots
Brad Winchester, Alexandre Daigle, Linus Omark, Logan Couture, Ryan Shannon
% Time on Ice - Little Stars
Lines # - Real PCT - Wanted PCT - Time Play
Normal Forward
1 - 34% - 40% - 15:40
2 - 25% - 30% - 11:41
3 - 21% - 20% - 9:50
4 - 19% - 10% - 8:56
Normal Defense
1 - 37% - 40% - 16:58
2 - 27% - 30% - 12:26
3 - 25% - 20% - 11:23
4 - 12% - 10% - 5:20
PP Forward
1 - 52% - 60% - 5:08
2 - 48% - 40% - 4:47
PP Defense
1 - 53% - 60% - 5:16
2 - 47% - 40% - 4:39
PK Forward
1 - 90% - 60% - 3:35
2 - 10% - 40% - 0:23
PK Defense
1 - 54% - 60% - 2:08
2 - 46% - 40% - 1:50
PK3 Forward
1 - 0% - 60%
2 - 0% - 40%
PK3 Defense
1 - 0% - 60%
2 - 0% - 40%
44 Forward
1 - 0% - 60%
2 - 0% - 40%
44 Defense
1 - 0% - 60%
2 - 0% - 40%
Last Minute Offensive - 0:00
Last Minute Defensive - 0:00
Total
Forward - 60:00
Defense - 60:00
|
% Time on Ice - Atomiques
Lines # - Real PCT - Wanted PCT - Time Play
Normal Forward
1 - 34% - 40% - 15:44
2 - 26% - 30% - 11:53
3 - 21% - 20% - 9:50
4 - 19% - 10% - 8:40
Normal Defense
1 - 38% - 40% - 17:38
2 - 33% - 30% - 15:08
3 - 27% - 20% - 12:31
4 - 2% - 10% - 0:50
PP Forward
1 - 53% - 60% - 2:05
2 - 47% - 40% - 1:53
PP Defense
1 - 53% - 60% - 2:07
2 - 47% - 40% - 1:51
PK Forward
1 - 72% - 60% - 7:09
2 - 28% - 40% - 2:46
PK Defense
1 - 61% - 60% - 6:04
2 - 39% - 40% - 3:51
PK3 Forward
1 - 0% - 60%
2 - 0% - 40%
PK3 Defense
1 - 0% - 60%
2 - 0% - 40%
44 Forward
1 - 0% - 60%
2 - 0% - 40%
44 Defense
1 - 0% - 60%
2 - 0% - 40%
Last Minute Offensive - 0:00
Last Minute Defensive - 0:00
Total
Forward - 60:00
Defense - 60:00
|
Play by Play
1st period
0:01 of 1st period - Logan Couture wins face-off versus Marcus Kruger in neutral zone.
0:34 of 1st period - Ryan Vesce is hit by Tyler Brenner and loses puck.
0:49 of 1st period - Slapshot by Drew Larman.
0:49 of 1st period - Shot Misses the Net.
1:11 of 1st period - Snap shot by Nick Johnson.
1:11 of 1st period - Stopped by Ben Scrivens with a rebound.
1:19 of 1st period - Wrist shot by Jesse Joensuu.
1:19 of 1st period - Shot Misses the Net.
1:21 of 1st period - Snap shot by Jesse Joensuu.
1:21 of 1st period - Stopped by Sergei Bobrovsky without a rebound.
1:22 of 1st period - Logan Couture wins face-off versus Marcus Kruger in Atomiques zone.
1:37 of 1st period - Wrist shot by Marcus Kruger.
1:37 of 1st period - Shot Blocked by Scott Jackson.
1:56 of 1st period - Wrist shot by Ryan Vesce.
1:56 of 1st period - Stopped by Sergei Bobrovsky with a rebound.
2:06 of 1st period - Snap shot by Cory Murphy.
2:06 of 1st period - Deflect By Alexander Vasyunov.
2:06 of 1st period - Shot Misses the Net.
2:06 of 1st period - Puck is out of play.
2:07 of 1st period - Logan Couture wins face-off versus Landon Ferraro in Atomiques zone.
2:42 of 1st period - Slapshot by Chris Dingman.
2:42 of 1st period - Deflect By Marcus Kruger.
2:42 of 1st period - Stopped by Sergei Bobrovsky with a rebound.
3:12 of 1st period - Backhand shot by Kenndal McArdle.
3:12 of 1st period - Shot Misses the Net.
3:22 of 1st period - Kyle Wharton is hit by Tyler Myers and loses puck.
3:33 of 1st period - Linus Omark is hit by Clay Wilson and loses puck.
3:54 of 1st period - Davis Drewiske is hit by Cody Bass and loses puck.
4:17 of 1st period - Snap shot by Nick Johnson.
4:17 of 1st period - Shot Blocked by Hugh Jessiman.
4:23 of 1st period - Nick Johnson is hit by Matt Halischuk and loses puck.
5:32 of 1st period - Snap shot by Matt Halischuk.
5:32 of 1st period - Shot Misses the Net.
6:12 of 1st period - Slapshot by Kyle Okposo.
6:12 of 1st period - Deflect By Chris Dingman.
6:12 of 1st period - Stopped by Sergei Bobrovsky without a rebound.
6:13 of 1st period - Tyler Brenner wins face-off versus Matt Halischuk in Atomiques zone.
6:13 of 1st period - Tyler Brenner is hit by Matt Halischuk.
6:39 of 1st period - Linus Omark is hit by Kyle Okposo and loses puck.
7:18 of 1st period - Backhand shot by Clayton Stoner.
7:18 of 1st period - Shot Blocked by Clay Wilson.
7:20 of 1st period - Slapshot by Kyle Wharton.
7:20 of 1st period - Deflect By Drew Larman.
7:20 of 1st period - Stopped by Ben Scrivens without a rebound.
7:21 of 1st period - Landon Ferraro wins face-off versus Drew Larman in Little Stars zone.
7:42 of 1st period - Davis Drewiske is hit by Jared Spurgeon and loses puck.
7:57 of 1st period - Snap shot by Alexander Vasyunov.
7:57 of 1st period - Stopped by Sergei Bobrovsky without a rebound.
7:58 of 1st period - Logan Couture wins face-off versus Marcus Kruger in Atomiques zone.
8:03 of 1st period - Snap shot by Alexandre Daigle.
8:03 of 1st period - Stopped by Ben Scrivens without a rebound.
8:04 of 1st period - Logan Couture wins face-off versus Marcus Kruger in Little Stars zone.
8:07 of 1st period - Snap shot by Linus Omark.
8:07 of 1st period - Stopped by Ben Scrivens with a rebound.
8:15 of 1st period - Snap shot by Chris Dingman.
8:15 of 1st period - Stopped by Sergei Bobrovsky without a rebound.
8:16 of 1st period - Logan Couture wins face-off versus Marcus Kruger in Atomiques zone.
8:21 of 1st period - Linus Omark is hit by Chris Dingman and loses puck.
8:32 of 1st period - Wrist shot by Marcus Kruger.
8:32 of 1st period - Goal by Marcus Kruger - Little Stars : 1 - Atomiques : 0.
8:33 of 1st period - Tyler Brenner wins face-off versus Chris Dingman in neutral zone.
8:58 of 1st period - Linus Omark is hit by Cory Murphy and loses puck.
9:07 of 1st period - Wrist shot by Linus Omark.
9:07 of 1st period - Shot Misses the Net.
10:27 of 1st period - Snap shot by Clayton Stoner.
10:27 of 1st period - Stopped by Ben Scrivens with a rebound.
10:29 of 1st period - Slapshot by Kyle Wharton.
10:29 of 1st period - Stopped by Ben Scrivens with a rebound.
10:31 of 1st period - Slapshot by Clayton Stoner.
10:31 of 1st period - Deflect By Chris Dingman.
10:31 of 1st period - Stopped by Ben Scrivens with a rebound.
10:33 of 1st period - Slapshot by Clayton Stoner.
10:33 of 1st period - Stopped by Ben Scrivens without a rebound.
10:34 of 1st period - Matt Halischuk wins face-off versus Tyler Brenner in Little Stars zone.
10:36 of 1st period - Icing by Ryan Vesce.
10:37 of 1st period - Tyler Brenner wins face-off versus Matt Halischuk in Little Stars zone.
10:50 of 1st period - Slapshot by Ryan Shannon.
10:50 of 1st period - Stopped by Ben Scrivens without a rebound.
10:51 of 1st period - Logan Couture wins face-off versus Marcus Kruger in Little Stars zone.
11:35 of 1st period - Snap shot by Carl Hagelin.
11:35 of 1st period - Stopped by Sergei Bobrovsky with a rebound.
12:23 of 1st period - Wrist shot by Brad Winchester.
12:23 of 1st period - Goal by Brad Winchester - Little Stars : 1 - Atomiques : 1.
12:24 of 1st period - Hugh Jessiman wins face-off versus Logan Couture in neutral zone.
12:38 of 1st period - Off-side.
12:39 of 1st period - Marcus Kruger wins face-off versus Tyler Brenner in neutral zone.
12:42 of 1st period - Snap shot by Chris Dingman.
12:42 of 1st period - Stopped by Sergei Bobrovsky with a rebound.
13:25 of 1st period - Chris Dingman is hit by Brett Sutter and loses puck.
13:35 of 1st period - Minor Penalty to Casey Borer for Hooking.
13:36 of 1st period - Cody Bass wins face-off versus Tyler Brenner in Atomiques zone.
13:42 of 1st period - Backhand shot by Matt Halischuk.
13:42 of 1st period - Stopped by Sergei Bobrovsky with a rebound.
13:44 of 1st period - Snap shot by Cory Murphy.
13:44 of 1st period - Stopped by Sergei Bobrovsky with a rebound.
13:46 of 1st period - Backhand shot by Cody Bass.
13:46 of 1st period - Shot Misses the Net.
13:48 of 1st period - Snap shot by Tyler Myers.
13:48 of 1st period - Stopped by Sergei Bobrovsky without a rebound.
13:49 of 1st period - Tyler Brenner wins face-off versus Cody Bass in Atomiques zone.
15:35 of 1st period - Penalty to Casey Borer is over, Casey Borer is back on ice.
16:38 of 1st period - Wrist shot by Linus Omark.
16:38 of 1st period - Shot Blocked by Corey Trivino.
16:56 of 1st period - Slapshot by Ryan Shannon.
16:56 of 1st period - Stopped by Ben Scrivens with a rebound.
16:58 of 1st period - Snap shot by Nick Johnson.
16:58 of 1st period - Shot Hit the Post.
17:55 of 1st period - Kyle Okposo is hit by Mitch Callahan and loses puck.
19:21 of 1st period - Tyler Brenner is hit by Clay Wilson and loses puck.
19:43 of 1st period - Wrist shot by Linus Omark.
19:43 of 1st period - Shot Misses the Net.
19:55 of 1st period - Clay Wilson is hit by Brett Sutter and loses puck.
Goals for this period are 1 for Little Stars vs 1 for Atomiques.
Shots for this period are 12 for Little Stars vs 11 for Atomiques.
2nd period
0:01 of 2nd period - Matt Halischuk wins face-off versus Logan Couture in neutral zone.
1:18 of 2nd period - Slapshot by Cory Murphy.
1:18 of 2nd period - Shot Hit the Post.
2:06 of 2nd period - Ryan Shannon is hit by Kyle Okposo and loses puck.
2:20 of 2nd period - Minor Penalty to Davis Drewiske for Goalie Interference.
2:21 of 2nd period - Tyler Brenner wins face-off versus Marcus Kruger in Atomiques zone.
2:33 of 2nd period - Wrist shot by Marcus Kruger.
2:33 of 2nd period - Stopped by Sergei Bobrovsky with a rebound.
2:35 of 2nd period - Slapshot by Clay Wilson.
2:35 of 2nd period - Shot Misses the Net.
2:47 of 2nd period - Cody Bass is hit by Linus Omark and loses puck.
3:52 of 2nd period - Tyler Myers is hit by Casey Borer and loses puck.
4:20 of 2nd period - Penalty to Davis Drewiske is over, Davis Drewiske is back on ice.
4:29 of 2nd period - Slapshot by Alexander Sulzer.
4:29 of 2nd period - Shot Misses the Net.
4:57 of 2nd period - Snap shot by Carl Hagelin.
4:57 of 2nd period - Deflect By Kyle Wharton.
4:57 of 2nd period - Shot Misses the Net.
4:57 of 2nd period - Puck is out of play.
4:58 of 2nd period - Carl Hagelin wins face-off versus Logan Couture in Atomiques zone.
5:43 of 2nd period - Davis Drewiske is hit by Kyle Okposo and loses puck.
5:50 of 2nd period - Slapshot by Drew Larman.
5:50 of 2nd period - Deflect By Kenndal McArdle.
5:50 of 2nd period - Shot Misses the Net.
5:50 of 2nd period - Puck is out of play.
5:51 of 2nd period - Chris Dingman wins face-off versus Logan Couture in Little Stars zone.
5:56 of 2nd period - Snap shot by Marcus Kruger.
5:56 of 2nd period - Shot Misses the Net.
5:58 of 2nd period - Snap shot by Chris Dingman.
5:58 of 2nd period - Shot Misses the Net.
6:38 of 2nd period - Slapshot by Kenndal McArdle.
6:38 of 2nd period - Shot Misses the Net.
7:06 of 2nd period - Snap shot by Andrew Kozek.
7:06 of 2nd period - Goal by Andrew Kozek - Little Stars : 1 - Atomiques : 2.
7:07 of 2nd period - Marcus Kruger wins face-off versus Logan Couture in neutral zone.
7:09 of 2nd period - Off-side.
7:10 of 2nd period - Marcus Kruger wins face-off versus Logan Couture in neutral zone.
7:17 of 2nd period - Tyler Myers is hit by Logan Couture.
7:25 of 2nd period - Snap shot by Alexandre Daigle.
7:25 of 2nd period - Shot Blocked by Mathieu Roy.
7:37 of 2nd period - Mathieu Roy is hit by Davis Drewiske.
8:17 of 2nd period - Corey Trivino is hit by Clayton Stoner and loses puck.
8:38 of 2nd period - Snap shot by Drew Larman.
8:38 of 2nd period - Stopped by Ben Scrivens with a rebound.
8:40 of 2nd period - Wrist shot by Scott Jackson.
8:40 of 2nd period - Shot Blocked by Landon Ferraro.
8:58 of 2nd period - Wrist shot by Hugh Jessiman.
8:58 of 2nd period - Stopped by Sergei Bobrovsky without a rebound.
8:59 of 2nd period - Logan Couture wins face-off versus Matt Halischuk in Atomiques zone.
9:15 of 2nd period - Minor Penalty to Alexandre Daigle for Holding.
9:16 of 2nd period - Marcus Kruger wins face-off versus Tyler Brenner in Atomiques zone.
9:44 of 2nd period - Snap shot by Ryan Vesce.
9:44 of 2nd period - Shot Blocked by Kenndal McArdle.
9:46 of 2nd period - Backhand shot by Tyler Myers.
9:46 of 2nd period - Stopped by Sergei Bobrovsky with a rebound.
11:08 of 2nd period - Icing by Marcus Kruger.
11:09 of 2nd period - Logan Couture wins face-off versus Marcus Kruger in Little Stars zone.
11:15 of 2nd period - Penalty to Alexandre Daigle is over, Alexandre Daigle is back on ice.
12:18 of 2nd period - Wrist shot by Alexander Vasyunov.
12:18 of 2nd period - Stopped by Sergei Bobrovsky with a rebound.
12:24 of 2nd period - Snap shot by Ryan Shannon.
12:24 of 2nd period - Stopped by Ben Scrivens with a rebound.
12:26 of 2nd period - Slapshot by Casey Borer.
12:26 of 2nd period - Stopped by Ben Scrivens with a rebound.
12:56 of 2nd period - Ryan Vesce is hit by Drew Larman and loses puck.
13:15 of 2nd period - Clayton Stoner is hit by Cory Murphy and loses puck.
13:55 of 2nd period - Wrist shot by Ryan Vesce.
13:55 of 2nd period - Stopped by Sergei Bobrovsky without a rebound.
13:56 of 2nd period - Tyler Brenner wins face-off versus Marcus Kruger in Atomiques zone.
14:30 of 2nd period - Snap shot by Brad Winchester.
14:30 of 2nd period - Deflect By Ryan Shannon.
14:30 of 2nd period - Stopped by Ben Scrivens with a rebound.
15:11 of 2nd period - Slapshot by Brett Sutter.
15:11 of 2nd period - Shot Misses the Net.
15:13 of 2nd period - Snap shot by Brett Sutter.
15:13 of 2nd period - Deflect By Kyle Okposo.
15:13 of 2nd period - Stopped by Ben Scrivens with a rebound.
15:15 of 2nd period - Snap shot by Andrew Kozek.
15:15 of 2nd period - Stopped by Ben Scrivens with a rebound.
15:17 of 2nd period - Slapshot by Kyle Wharton.
15:17 of 2nd period - Stopped by Ben Scrivens with a rebound.
15:19 of 2nd period - Wrist shot by Brett Sutter.
15:19 of 2nd period - Shot Blocked by Tyler Myers.
15:25 of 2nd period - Minor Penalty to Tyler Myers for Roughing.
15:26 of 2nd period - Chris Dingman wins face-off versus Logan Couture in Little Stars zone.
15:26 of 2nd period - Chris Dingman is hit by Alexandre Daigle.
17:25 of 2nd period - Penalty to Tyler Myers is over, Tyler Myers is back on ice.
17:51 of 2nd period - Drew Larman is hit by Mathieu Roy and loses puck.
17:58 of 2nd period - Wrist shot by Matt Halischuk.
17:58 of 2nd period - Stopped by Sergei Bobrovsky with a rebound.
18:00 of 2nd period - Slapshot by Mathieu Roy.
18:00 of 2nd period - Stopped by Sergei Bobrovsky with a rebound.
18:02 of 2nd period - Backhand shot by Mathieu Roy.
18:02 of 2nd period - Stopped by Sergei Bobrovsky with a rebound.
18:24 of 2nd period - Snap shot by Kenndal McArdle.
18:24 of 2nd period - Stopped by Ben Scrivens without a rebound.
18:25 of 2nd period - Corey Trivino wins face-off versus Tyler Brenner in Little Stars zone.
19:07 of 2nd period - Andrew Kozek is hit by Cody Bass and loses puck.
Goals for this period are 0 for Little Stars vs 1 for Atomiques.
Shots for this period are 8 for Little Stars vs 9 for Atomiques.
3rd period
0:01 of 3rd period - Marcus Kruger wins face-off versus Logan Couture in neutral zone.
0:11 of 3rd period - Snap shot by Alexandre Daigle.
0:11 of 3rd period - Shot Misses the Net.
0:13 of 3rd period - Wrist shot by Linus Omark.
0:13 of 3rd period - Stopped by Ben Scrivens with a rebound.
0:15 of 3rd period - Wrist shot by Logan Couture.
0:15 of 3rd period - Shot Blocked by Clay Wilson.
0:31 of 3rd period - Mathieu Roy is hit by Davis Drewiske and loses puck.
0:34 of 3rd period - Wrist shot by Ryan Vesce.
0:34 of 3rd period - Stopped by Sergei Bobrovsky without a rebound.
0:35 of 3rd period - Logan Couture wins face-off versus Marcus Kruger in Atomiques zone.
0:35 of 3rd period - Logan Couture is hit by Chris Dingman.
0:38 of 3rd period - Penalty Shot by Kyle Wharton for Atomiques.
0:38 of 3rd period - Backhand shot by Kyle Wharton.
0:38 of 3rd period - Shot Misses the Net.
0:39 of 3rd period - Chris Dingman wins face-off versus Logan Couture in Atomiques zone.
0:39 of 3rd period - Snap shot by Marcus Kruger.
0:39 of 3rd period - Shot Blocked by Davis Drewiske.
1:05 of 3rd period - Davis Drewiske is hit by Hugh Jessiman and loses puck.
1:26 of 3rd period - Snap shot by Drew Larman.
1:26 of 3rd period - Stopped by Ben Scrivens without a rebound.
1:27 of 3rd period - Corey Trivino wins face-off versus Drew Larman in Little Stars zone.
2:23 of 3rd period - Wrist shot by Ryan Vesce.
2:23 of 3rd period - Shot Misses the Net.
2:33 of 3rd period - Landon Ferraro is hit by Andrew Kozek and loses puck.
3:08 of 3rd period - Snap shot by Logan Couture.
3:08 of 3rd period - Shot Blocked by Cory Murphy.
3:10 of 3rd period - Snap shot by Alexandre Daigle.
3:10 of 3rd period - Goal by Alexandre Daigle - Little Stars : 1 - Atomiques : 3.
3:11 of 3rd period - Marcus Kruger wins face-off versus Logan Couture in neutral zone.
3:20 of 3rd period - Wrist shot by Chris Dingman.
3:20 of 3rd period - Stopped by Sergei Bobrovsky with a rebound.
3:22 of 3rd period - Snap shot by Chris Dingman.
3:22 of 3rd period - Stopped by Sergei Bobrovsky without a rebound.
3:23 of 3rd period - Logan Couture wins face-off versus Marcus Kruger in Atomiques zone.
3:29 of 3rd period - Off-side.
3:30 of 3rd period - Marcus Kruger wins face-off versus Logan Couture in neutral zone.
3:33 of 3rd period - Wrist shot by Kyle Okposo.
3:33 of 3rd period - Stopped by Sergei Bobrovsky without a rebound.
3:34 of 3rd period - Logan Couture wins face-off versus Marcus Kruger in Atomiques zone.
3:45 of 3rd period - Mathieu Roy is hit by Linus Omark and loses puck.
4:11 of 3rd period - Snap shot by Matt Halischuk.
4:11 of 3rd period - Stopped by Sergei Bobrovsky without a rebound.
4:12 of 3rd period - Marcus Kruger wins face-off versus Logan Couture in Atomiques zone.
4:23 of 3rd period - Slapshot by Kyle Okposo.
4:23 of 3rd period - Deflect By Chris Dingman.
4:23 of 3rd period - Shot Misses the Net.
4:23 of 3rd period - Puck is out of play.
4:24 of 3rd period - Marcus Kruger wins face-off versus Logan Couture in Atomiques zone.
4:27 of 3rd period - Backhand shot by Chris Dingman.
4:27 of 3rd period - Shot Misses the Net.
4:29 of 3rd period - Slapshot by Marcus Kruger.
4:29 of 3rd period - Stopped by Sergei Bobrovsky with a rebound.
4:31 of 3rd period - Slapshot by Clay Wilson.
4:31 of 3rd period - Stopped by Sergei Bobrovsky without a rebound.
4:32 of 3rd period - Marcus Kruger wins face-off versus Alexandre Daigle in Atomiques zone.
4:41 of 3rd period - Slapshot by Chris Dingman.
4:41 of 3rd period - Stopped by Sergei Bobrovsky without a rebound.
4:42 of 3rd period - Marcus Kruger wins face-off versus Logan Couture in Atomiques zone.
4:43 of 3rd period - Slapshot by Chris Dingman.
4:43 of 3rd period - Shot Blocked by Davis Drewiske.
4:45 of 3rd period - Minor Penalty to Linus Omark for Hooking.
4:46 of 3rd period - Marcus Kruger wins face-off versus Tyler Brenner in Atomiques zone.
4:59 of 3rd period - Alexandre Daigle is hit by Mathieu Roy and loses puck.
5:12 of 3rd period - Alexandre Daigle is hit by Matt Halischuk and loses puck.
6:45 of 3rd period - Penalty to Linus Omark is over, Linus Omark is back on ice.
7:26 of 3rd period - Snap shot by Landon Ferraro.
7:26 of 3rd period - Shot Misses the Net.
7:47 of 3rd period - Snap shot by Andrew Kozek.
7:47 of 3rd period - Shot Blocked by Jared Spurgeon.
7:49 of 3rd period - Wrist shot by Brett Sutter.
7:49 of 3rd period - Shot Blocked by Matt Halischuk.
7:59 of 3rd period - Jared Spurgeon is hit by Kenndal McArdle.
8:15 of 3rd period - Snap shot by Hugh Jessiman.
8:15 of 3rd period - Shot Misses the Net.
8:17 of 3rd period - Slapshot by Tyler Myers.
8:17 of 3rd period - Stopped by Sergei Bobrovsky without a rebound.
8:18 of 3rd period - Logan Couture wins face-off versus Marcus Kruger in Atomiques zone.
8:18 of 3rd period - Logan Couture is hit by Chris Dingman.
8:31 of 3rd period - Slapshot by Clay Wilson.
8:31 of 3rd period - Stopped by Sergei Bobrovsky without a rebound.
8:32 of 3rd period - Marcus Kruger wins face-off versus Tyler Brenner in Atomiques zone.
8:39 of 3rd period - Snap shot by Chris Dingman.
8:39 of 3rd period - Shot Misses the Net.
8:41 of 3rd period - Wrist shot by Mathieu Roy.
8:41 of 3rd period - Deflect By Alexander Sulzer.
8:41 of 3rd period - Stopped by Sergei Bobrovsky without a rebound.
8:42 of 3rd period - Tyler Brenner wins face-off versus Marcus Kruger in Atomiques zone.
8:51 of 3rd period - Kyle Okposo is hit by Tyler Brenner and loses puck.
8:58 of 3rd period - Snap shot by Ryan Shannon.
8:58 of 3rd period - Goal by Ryan Shannon - Little Stars : 1 - Atomiques : 4.
8:59 of 3rd period - Marcus Kruger wins face-off versus Logan Couture in neutral zone.
9:01 of 3rd period - Minor Penalty to Chris Dingman for Tripping.
9:02 of 3rd period - Logan Couture wins face-off versus Kyle Okposo in Little Stars zone.
9:12 of 3rd period - Wrist shot by Alexandre Daigle.
9:12 of 3rd period - Shot Hit the Post.
9:14 of 3rd period - Snap shot by Alexandre Daigle.
9:14 of 3rd period - Shot Blocked by Mathieu Roy.
9:16 of 3rd period - Snap shot by Linus Omark.
9:16 of 3rd period - Shot Misses the Net.
9:28 of 3rd period - Alexander Vasyunov is hit by Ryan Shannon and loses puck.
11:01 of 3rd period - Penalty to Chris Dingman is over, Chris Dingman is back on ice.
11:16 of 3rd period - Wrist shot by Hugh Jessiman.
11:16 of 3rd period - Stopped by Sergei Bobrovsky with a rebound.
11:18 of 3rd period - Slapshot by Hugh Jessiman.
11:18 of 3rd period - Stopped by Sergei Bobrovsky with a rebound.
11:20 of 3rd period - Slapshot by Jared Spurgeon.
11:20 of 3rd period - Stopped by Sergei Bobrovsky with a rebound.
11:30 of 3rd period - Kenndal McArdle is hit by Cody Bass and loses puck.
12:14 of 3rd period - Snap shot by Cody Bass.
12:14 of 3rd period - Stopped by Sergei Bobrovsky with a rebound.
12:16 of 3rd period - Wrist shot by Corey Trivino.
12:16 of 3rd period - Stopped by Sergei Bobrovsky without a rebound.
12:17 of 3rd period - Corey Trivino wins face-off versus Drew Larman in Atomiques zone.
12:26 of 3rd period - Snap shot by Drew Larman.
12:26 of 3rd period - Shot Blocked by Jared Spurgeon.
12:42 of 3rd period - Slapshot by Alexandre Daigle.
12:42 of 3rd period - Shot Misses the Net.
12:52 of 3rd period - Minor Penalty to Logan Couture for Roughing.
12:53 of 3rd period - Tyler Brenner wins face-off versus Marcus Kruger in Atomiques zone.
14:52 of 3rd period - Penalty to Logan Couture is over, Logan Couture is back on ice.
15:40 of 3rd period - Carl Hagelin is hit by Logan Couture and loses puck.
15:55 of 3rd period - Snap shot by Ryan Vesce.
15:55 of 3rd period - Shot Misses the Net.
17:07 of 3rd period - Brad Winchester is hit by Corey Trivino and loses puck.
17:24 of 3rd period - Scott Jackson is hit by Chris Dingman.
19:14 of 3rd period - Mitch Callahan is hit by Clay Wilson and loses puck.
Goals for this period are 0 for Little Stars vs 2 for Atomiques.
Shots for this period are 16 for Little Stars vs 4 for Atomiques.
Output by the SimonT Hockey Simulator (STHS) for François Prévost -- Original Page W3C XHTML 1.0 Valid